 Dungeon Crawl Stone Soup version 0.17-a0-1632-g0af21bd (webtiles) character file.

3843 Sixotanaka the Destroyer (level 10, -7/50 HPs)
             Began as a Kobold Fire Elementalist on Aug 2, 2015.
             Was a Believer of Vehumet.
             Hit by a large rock thrown by a cyclops (43 damage)
             ... on level 8 of the Dungeon on Aug 3, 2015.
             The game lasted 00:40:56 (13540 turns).

Sixotanaka the Destroyer (KoFE)                    Turns: 13540, Time: 00:40:56

Health: -7/50      AC: 10    Str:  6    XL:     10   Next: 41%
Magic:  2/14       EV: 15    Int: 19    God:    Vehumet [**....]
Gold:   328        SH:  0    Dex: 18    Spells: 4 memorised, 2 levels left

rFire  . . .     SeeInvis .     b - +2 mace (protect)
rCold  . . .     Clarity  .     A - +1 robe
rNeg   . . .     SustAt   .     (shield restricted)
rPois  .         Gourm    .     I - +0 helmet
rElec  .         Spirit   .     (no cloak)
rCorr  +         Warding  .     (no gloves)
rMut   .         Stasis   .     F - +0 pair of boots
MR     +....                    x - amulet of resist corrosion
Stlth  +++.......               H - +3 ring of intelligence
                                s - ring of protection from magic

@: very slightly contaminated, somewhat resistant to hostile enchantments,
fairly stealthy
A: carnivore 3
a: Renounce Religion


You were on level 8 of the Dungeon.
You worshipped Vehumet.
Vehumet was pleased with you.
You were completely stuffed.

You visited 2 branches of the dungeon, and saw 9 of its levels.

You collected 370 gold pieces.
You spent 42 gold pieces at shops.


Innate Abilities, Weirdness & Mutations

You are small and have problems with some larger weapons.
You are carnivorous and can eat meat at any time.


   Skills:
 - Level 2.4 Dodging
 - Level 2.6 Stealth
 + Level 3.0 Spellcasting
 - Level 10.0 Conjurations
 * Level 9.6 Fire Magic


You had 2 spell levels left.
You knew the following spells:

 Your Spells              Type           Power        Failure   Level  Hunger
c - Fireball              Conj/Fire      #####.....   10%         5    ######.
x - Sticky Flame          Conj/Fire      #####...     2%          4    ####...
y - Conjure Flame         Conj/Fire      #####...     1%          3    ###....
z - Flame Tongue          Conj/Fire      #####        1%          1    None


Dungeon Overview and Level Annotations

Branches:
Dungeon (8/15)             Temple (1/1) D:5
   Lair: D:8-11

Altars:
Ashenzari
Cheibriados
Dithmenos
Elyvilon
Gozag
Kikubaaqudgha
Makhleb
Nemelex Xobeh
Okawaru
Qazlal
Ru
Sif Muna
Trog
Vehumet
Xom
Yredelemnul
The Shining One

Shops:
D:4 ?   D:5 =   D:6 **

Annotations:
D:7 Joseph
D:8 4 runed doors, Gastronok

Inventory:

Hand weapons
 b - a +2 mace of protection (weapon)
   (You took it off an orc on level 5 of the Dungeon)
 C - a +0 hunting sling
 D - a cursed -3 flail
Missiles
 m - 163 stones (quivered)
 B - 2 throwing nets
 J - 4 tomahawks of dispersal {!f}
Armour
 A - a +1 robe (worn)
 F - a +0 pair of boots (worn)
 I - a +0 helmet (worn)
Jewellery
 a - an uncursed ring of ice
 s - a ring of protection from magic (left hand)
 u - an uncursed amulet of stasis
 x - an amulet of resist corrosion (around neck)
 y - an uncursed ring of flight
 H - a +3 ring of intelligence (right hand)
Magical devices
 k - a wand of cold (0)
 v - a wand of confusion (3)
 K - a wand of lightning (11)
 L - a wand of polymorph (15)
 M - a wand of confusion (24)
Scrolls
 d - a scroll of random uselessness {unknown}
 f - a scroll of amnesia {unknown}
 i - 2 scrolls of enchant armour
 j - a scroll of blinking
 o - 2 scrolls of magic mapping {unknown}
 q - a scroll of immolation {unknown}
 t - 2 scrolls of noise {unknown}
 w - 5 scrolls of remove curse {@r2}
 z - 3 scrolls of teleportation {@r4}
 N - a scroll of fog {unknown}
Potions
 e - 2 potions of brilliance
 g - 5 potions of curing {@q1}
 h - a potion of magic {unknown}
 p - a potion of might {unknown}
 r - a potion of lignification {unknown}
 E - a potion of heal wounds {@q2}
 G - a potion of resistance {unknown}
 P - a potion of agility {unknown}
Books
 l - a book of Flames
Comestibles
 c - 4 meat rations
 n - 11 slices of pizza

########.## .........# .
#######..# ....###### #..##
..Y....C.# #.... ....####.# #§###
# #.# #)# #(# #.# #@# #.# #. #.#
#.##### #. #.##.# ##.#...##### ##
## ..#.##.# ##....#...... ###.
.##.##.# ####........##### #§'.
.##.##.# ##..[..#........(# ####.
.#.....# #...#....(...###.# #....
.#..##.# #..^##.......###.######.
.#.....###...###.#..........#....


You could see a cyclops (burning).


Message History

The deep elf fighter hits you with a rapier.
Casting: Sticky Flame
Aiming: Sticky Flame
Aim: a deep elf fighter, wielding a rapier (severely wounded, fast, covered in liquid flames)
The sticky flame hits the deep elf fighter.
The deep elf fighter is covered in liquid flames!
The deep elf fighter burns! x2
You kill the deep elf fighter!
Vehumet accepts your kill.
Your Spellcasting skill increases to level 3!
There is an open door, spattered with blood here.
You see here a rapier.
You now have enough gold to buy an uncursed amulet of regeneration on D:6.
You now have 312 gold pieces (gained 17).
n - 11 slices of pizza (gained 8)
You start resting.
You feel yourself speed up.
You start resting.
There is an open door, spattered with blood here.
You see here a rapier.
c - 4 meat rations (gained 1)
Things that are here:
a robe; a dagger You see here a trident.
Found a stone staircase leading down.
Things that are here:
a ring mail; a glowing trident You now have enough gold to buy a +3 ring of evasion on D:5.
You now have 328 gold pieces (gained 16).
Things that are here:
a ring mail; a flail A sheep and a cyclops come into view.
There are monsters nearby!
You start waiting.
Eating a chunk of flesh.
This raw flesh tastes great.
You continue eating. x2
Done waiting.
The cyclops shouts!
A sheep comes into view.
You start waiting.
Casting: Sticky Flame
Aiming: Conjure Flame
Okay, then.
The cyclops hits you.
Casting: Conjure Flame
Aiming: Sticky Flame
Aim: a cyclops The sticky flame hits the cyclops.
The cyclops is covered in liquid flames!
The cyclops burns!
Casting: Sticky Flame
Aiming: Sticky Flame
Aim: a cyclops (lightly wounded, covered in liquid flames)
The sticky flame hits the cyclops.
The cyclops appears unharmed.
The cyclops is covered in liquid flames!
The cyclops burns!
The cyclops barely misses you.
Casting: Sticky Flame
Aiming: Sticky Flame
Aim: a cyclops (moderately wounded, covered in liquid flames)
You miscast Sticky Flame.
You are very lightly contaminated with residual magic.
You are momentarily dazzled by a flash of light!
The cyclops burns!
The cyclops hits you!
The cyclops burns!
The cyclops burns!
The cyclops throws a large rock.
The large rock barely misses you.
You see here a large rock.
The cyclops burns!
The cyclops throws a large rock.
The large rock hits you!!!
Ouch! That really hurt!
You die...

Action                   |  1- 3 |  4- 6 |  7- 9 | 10-12 || total
-------------------------+-------+-------+-------+-------++-------
Melee: Unarmed           |     6 |       |       |       ||     6
       Short sword       |     7 |    37 |     4 |       ||    48
       Rapier            |       |       |    18 |       ||    18
       Mace              |       |       |    27 |    28 ||    55
 Fire: Hunting sling     |     8 |    32 |    81 |    16 ||   137
Throw: Stone             |       |       |    11 |     2 ||    13
 Cast: Flame Tongue      |    50 |    81 |   200 |    18 ||   349
       Conjure Flame     |     2 |     1 |    20 |     6 ||    29
       Sticky Flame      |       |       |    39 |    21 ||    60
       Fireball          |       |       |       |     5 ||     5
Evoke: Wand              |       |     3 |     3 |     1 ||     7
  Use: Scroll            |       |     6 |     5 |     3 ||    14
 Stab: Sleeping          |     4 |     2 |     4 |     2 ||    12
       Confused          |       |     2 |       |       ||     2
  Eat: Chunk             |    14 |     9 |    37 |    14 ||    74

Vault maps used:
D:1:      nagdon_arrival_double_spiral, solitary_fountain
D:2:      first_bread, ecumenical_altar_1, grunt_dithmenos_smoke_and_mirrors
D:3:      uniq_iyjb
D:4:      grunt_temple_overflow_open, kennysheep_mini_moat, serial_shops, shop,
          st_stairs_14, uniq_blork_the_orc
D:5:      minmay_temple_entry_trees, serial_shops, nicolae_shop_window_shopping,
          kennysheep_windowed_goal
D:6:      cheibrodos_worm_habitat, serial_shops, shop, corexii_shack,
          nicolae_alphabet_shops
D:7:      tgw_sif, uniq_joseph
D:8:      lemuel_bear_cage, grunt_pizzeria, uniq_gastronok
Temple:   circular_temple_12

Notes
Turn   | Place    | Note
--------------------------------------------------------------
     0 | D:1      | Sixotanaka the Kobold Fire Elementalist began the quest for the Orb.
     0 | D:1      | Reached XP level 1. HP: 10/10 MP: 3/3
    66 | D:1      | Reached skill level 1 in Conjurations
   359 | D:1      | Reached XP level 2. HP: 13/15 MP: 0/5
   542 | D:1      | Reached skill level 2 in Conjurations
  1296 | D:2      | Reached XP level 3. HP: 19/19 MP: 3/6
  1301 | D:2      | Learned a level 3 spell: Conjure Flame
  1726 | D:2      | Found a shadowy altar of Dithmenos.
  1803 | D:2      | Found a faded altar to an unknown god.
  2182 | D:3      | Noticed Ijyb
  2224 | D:3      | Killed Ijyb
  2224 | D:3      | Reached skill level 4 in Fire Magic
  2224 | D:3      | Reached XP level 4. HP: 20/24 MP: 0/7
  2922 | D:3      | Reached XP level 5. HP: 28/28 MP: 6/8
  3105 | D:3      | Reached skill level 5 in Fire Magic
  3504 | D:3      | Learned a level 4 spell: Sticky Flame
  4034 | D:4      | Reached XP level 6. HP: 28/32 MP: 1/9
  4152 | D:4      | Reached skill level 6 in Fire Magic
  4443 | D:4      | Noticed Blork the orc
  4474 | D:4      | Killed Blork the orc
  4694 | D:4      | Found a shattered altar of Ashenzari.
  4695 | D:4      | Found a bloodstained altar of Trog.
  4695 | D:4      | Found a basalt altar of Yredelemnul.
  4696 | D:4      | Found an opulent altar of Gozag.
  4696 | D:4      | Found a sacrificial altar of Ru.
  4710 | D:4      | Reached XP level 7. HP: 23/36 MP: 2/10
  5000 | D:4      | Found a shimmering altar of Xom.
  5146 | D:4      | Reached skill level 3 in Conjurations
  5375 | D:4      | Found Feniagoth's Magic Scroll Emporium.
  5378 | D:4      | Bought a scroll of teleportation for 42 gold pieces
  5867 | D:4      | Reached skill level 4 in Conjurations
  6184 | D:4      | Reached skill level 5 in Conjurations
  6184 | D:4      | Reached XP level 8. HP: 41/41 MP: 1/11
  6518 | D:5      | Entered Level 5 of the Dungeon
  6719 | D:5      | Reached skill level 6 in Conjurations
  7006 | D:5      | Found a staircase to the Ecumenical Temple.
  7040 | Temple   | Entered the Ecumenical Temple
  7058 | Temple   | Became a worshipper of Vehumet
  7271 | D:5      | Reached skill level 7 in Conjurations
  7540 | D:5      | Found Figiujiz's Jewellery Shoppe.
  8948 | D:6      | Found Mudoriph's Assorted Antiques.
  8960 | D:6      | Reached XP level 9. HP: 40/45 MP: 3/12
  9037 | D:6      | Acquired Vehumet's first power
  9037 | D:6      | Offered knowledge of Sting by Vehumet.
  9169 | D:6      | Reached skill level 8 in Conjurations
  9707 | D:6      | Reached skill level 9 in Conjurations
 10345 | D:6      | Reached skill level 10 in Conjurations
 10528 | D:6      | Reached skill level 7 in Fire Magic
 10766 | D:6      | Found Ruiggarch's Retail Resort.
 10822 | D:6      | Found a snail-covered altar of Cheibriados.
 11041 | D:7      | Upgraded the game from 0.17-a0-1629-g32e70c7 to 0.17-a0-1632-g0af21bd
 11409 | D:7      | Reached XP level 10. HP: 42/50 MP: 4/13
 11468 | D:7      | Learned a level 5 spell: Fireball
 11631 | D:7      | Reached skill level 8 in Fire Magic
 11797 | D:7      | Noticed Joseph
 11912 | D:7      | HP: 12/50 [Joseph/wand of fire (12)]
 12202 | D:7      | Noticed Jessica
 12204 | D:7      | Killed Jessica
 12210 | D:7      | Found a deep blue altar of Sif Muna.
 12558 | D:8      | Offered knowledge of Sandblast by Vehumet.
 12606 | D:8      | Reached skill level 9 in Fire Magic
 12664 | D:8      | Noticed Gastronok
 13158 | D:8      | Found a huge runed gate.
 13158 | D:8      | Found a huge runed gate.
 13158 | D:8      | Noticed a griffon
 13159 | D:8      | Noticed a griffon
 13290 | D:8      | Found a huge runed gate.
 13290 | D:8      | Noticed a griffon
 13295 | D:8      | Found a huge runed gate.
 13332 | D:8      | Reached skill level 3 in Spellcasting
 13414 | D:8      | Noticed a cyclops
 13540 | D:8      | Hit by a large rock thrown by a cyclops

Vanquished Creatures
  A two-headed ogre (D:8)
  A deep elf fighter (D:8)
  A water moccasin (D:6)
  4 phantoms
  3 orc warriors
  2 sky beasts
  2 ogres (D:6)
  4 centaurs
  A black bear (D:6)
  Blork the orc (D:4)
  A gnoll sergeant (D:7)
  5 scorpions
  A wyvern skeleton (D:6)
  A giant frog zombie (D:6)
  2 hounds (D:5)
  2 crimson imps (D:5)
  4 wights (D:7)
  A centaur zombie (D:4)
  9 orc priests
  9 orc wizards
  Ijyb (D:3)
  A centaur skeleton (D:4)
  4 iguanas
  4 worker ants
  Jessica (D:7)
  A killer bee zombie (D:7)
  3 hound skeletons
  14 gnolls
  A worker ant zombie (D:8)
  7 adders
  2 shadow imps (D:6)
  2 adder skeletons
  3 worms
  7 giant geckos
  36 orcs
  2 ball pythons
  8 bats
  5 giant cockroaches
  2 hobgoblins
  7 kobolds
  5 giant newts
  12 goblins
  5 quokkas
  9 rats
197 creatures vanquished.

Vanquished Creatures (others)
  7 toadstools (D:1)
7 creatures vanquished.

Grand Total: 204 creatures vanquished
